 Dungeon Crawl Stone Soup version 0.29.1-1-gd02db6906a (webtiles) character file.

Game seed: 9336729390335030470

21915 Earthwalker the Spear-Bearer (level 12, -9/106 HPs)
             Began as a Minotaur Fighter on Oct 9, 2022.
             Was the Champion of Okawaru.
             Mangled by Frances
             ... wielding a +2 halberd of protection
              (30 damage)
             ... on level 13 of the Dungeon.
             The game lasted 01:48:03 (19958 turns).

Earthwalker the Spear-Bearer (Minotaur Fighter)    Turns: 19958, Time: 01:48:05

Health: -9/106     AC: 15    Str: 26    XL:     12   Next: 58%
Magic:  15/15      EV: 13    Int:  5    God:    Okawaru [******]
Gold:   835        SH: 17    Dex: 16    Spells: 11/11 levels left

rFire   . . .      SeeInvis .   s - +6 demon trident (elec)
rCold   + . .      Faith    .   z - +0 kite shield
rNeg    . . .      Spirit   .   K - +4 ring mail of Activism {Fly Str+3 Dex+3}
rPois   .          Reflect  +   (helmet restricted)
rElec   .          Harm     .   (no cloak)
rCorr   .          Rampage  .   C - +0 pair of gloves
Will    .....                   A - +0 pair of boots
Stlth   ++........              p - amulet of reflection
HPRegen 0.27/turn               v - ring of protection from cold
MPRegen 0.14/turn               (no ring)

@: flying
A: horns 2, retaliatory headbutt
a: Renounce Religion, Heroism, Finesse, Duel


You were on level 13 of the Dungeon.
You worshipped Okawaru.
Okawaru was exalted by your worship.
You visited 2 branches of the dungeon, and saw 14 of its levels.

You collected 835 gold pieces.

Inventory:

Hand Weapons
 g - the +5 broad axe of Ripryase {vamp, rPois rCorr Str-3}
   (You found it on level 12 of the Dungeon)

   It occasionally heals its wielder for a portion of the damage dealt when it
   wounds a living foe.
   Str:       It affects your strength (-3).
   rPois:     It protects you from poison.
   rCorr:     It protects you from acid and corrosion.
 q - a +1 spear of venom
 s - a +6 demon trident of electrocution (weapon)
 x - a +0 arbalest
 F - a +1 falchion of electrocution
Missiles
 N - 3 poisoned darts
 U - a throwing net (quivered)
Armour
 y - a +0 plate armour
 z - a +0 kite shield (worn)
 A - a +0 pair of boots (worn)
 C - a +0 pair of gloves (worn)
 H - the +1 helmet of Kuytaqy {Regen+ Int+5}
   (You found it on level 8 of the Dungeon)

   Int:       It affects your intelligence (+5).
   Regen:     It increases your rate of health regeneration.
 K - the +4 ring mail of Activism (worn) {Fly Str+3 Dex+3}
   (You found it on level 13 of the Dungeon)

   Str:       It affects your strength (+3).
   Dex:       It affects your dexterity (+3).
   Fly:       It grants you flight.
 M - a +0 troll leather armour
 W - an orb of energy
 Z - a +0 chain mail of cold resistance
Magical Staves
 f - a staff of death
 O - a staff of earth
Jewellery
 h - an amulet of faith
 p - an amulet of reflection (around neck)
 v - a ring of protection from cold (left hand)
 w - an amulet of reflection
 Y - an amulet of the acrobat
Wands
 a - a wand of flame (6)
 G - a wand of iceblast (21)
 J - a wand of polymorph (6)
 Q - a wand of light (9)
Scrolls
 b - 2 scrolls of brand weapon {unknown}
 c - a scroll of noise {unknown}
 e - 8 scrolls of teleportation
 i - 5 scrolls of magic mapping
 m - a scroll of summoning
 t - 4 scrolls of fear
 B - 13 scrolls of identify
 D - a scroll of fog
 L - a scroll of amnesia
 S - 4 scrolls of vulnerability
 V - 2 scrolls of poison
 X - 2 scrolls of blinking
Potions
 d - 2 potions of might
 j - 6 potions of mutation
 k - a potion of haste
 l - 3 potions of flight
 n - 2 potions of magic
 o - 4 potions of curing
 r - 3 potions of lignification
 u - 3 potions of heal wounds
 E - 2 potions of degeneration
 I - 3 potions of ambrosia {unknown}
 P - 2 potions of cancellation {unknown}
 R - a potion of invisibility
 T - 3 potions of attraction {unknown}


   Skills:
 * Level 9.9 Fighting
 * Level 13.1 Polearms
 + Level 2.8 Throwing
 * Level 12.7 Armour
 * Level 6.4 Dodging
 * Level 5.0 Stealth
 * Level 10.6 Shields
 * Level 5.3 Invocations


You had 11 spell levels left.
You didn't know any spells.
Your spell library contained the following spells:

 Spells                   Type           Power      Damage    Failure   Level
 Ensorcelled Hibernation  Hex/Ice        0%         N/A       94%         2
 Passwall                 Tmut/Erth      0%         N/A       94%         2
 Frozen Ramparts          Ice            0%         1d1       99%         3
 Gell's Gravitas          Tloc           0%         N/A       99%         3
 Lesser Beckoning         Tloc           0%         N/A       99%         3
 Portal Projectile        Hex/Tloc       0%         N/A       99%         3
 Swiftness                Air            0%         N/A       99%         3
 Teleport Other           Tloc           0%         N/A       99%         3
 Ice Form                 Ice/Tmut       0%         N/A       100%        4
 Leda's Liquefaction      Hex/Erth       0%         N/A       100%        4
 Passage of Golubria      Tloc           0%         N/A       100%        4
 Blade Hands              Tmut           0%         N/A       100%        5
 Yara's Violent Unravell  Hex/Tmut       0%         3d3       100%        5
 Call Canine Familiar     Summ           Unusable   N/A       N/A         3
 Tukima's Dance           Hex            Unusable   N/A       N/A         3
 Summon Ice Beast         Ice/Summ       Unusable   N/A       N/A         4

Dungeon Overview and Level Annotations

Branches:
Dungeon (13/15)            Temple (1/1) D:4            Lair (0/5) D:8
    Orc (0/2) D:10         Vaults (0/5) D:13

Altars:
Cheibriados
Dithmenos
Elyvilon
Fedhas
Hepliaklqana
Kikubaaqudgha
Makhleb
Nemelex Xobeh
Okawaru
Qazlal
Ru
Sif Muna
Trog
Uskayaw
Vehumet
Wu Jian
Yredelemnul
Zin
The Shining One

Shops:
D:3 !   D:5 =

Annotations:
D:3 2 transporters, duchin's ghost, amateur OpFi
D:13 Frances


Innate Abilities, Weirdness & Mutations

You have a pair of horns on your head.
You reflexively headbutt those who attack you in melee.


Message History

Frances chants phrases taken from a devil's mouth.
The iron shot hits you!!!
You feel much better. You block Frances's attack.
Unknown command.
You block Frances's attack.
Reach: s) +6 demon trident (elec)
Press: ? - help, Dir - move target, f - Frances
Aim: Frances, wielding a +2 halberd of protection and wearing a +4 scale mail of cold resistance (fast, about 24% to evade your +6 demon trident of electrocution)
You reach to attack!
You puncture Frances!
Frances is lightly wounded.
You block Frances's attack. You block the ice devil's attack.
Frances screams a word of power!
The shard of ice misses you.
You impale Frances!! You headbutt Frances, but do no damage.
Frances is moderately wounded.
Frances hits you with a +2 halberd of protection!
The ice devil completely misses you. You furiously retaliate!
You headbutt the ice devil, but do no damage.
Frances chants phrases taken from a devil's mouth.
Blink to where?
Press: ? - help, Dir - move target, p - Frances
Okay, then.
Unknown command.
Frances attacks as you move away! You block Frances's attack.
The sixfirhy attacks as you move away! The sixfirhy hits you.
The sixfirhy shocks you!
The red devil disappears in a puff of smoke!
You block the sixfirhy's attack. The sixfirhy hits you.
The sixfirhy shocks you!
Frances hits you from afar with a +2 halberd of protection!
* * * LOW HITPOINT WARNING * * *
The sixfirhy misses you.
As you read the scroll of fear, it crumbles to dust.
You assume a fearsome visage.
The sixfirhy looks frightened!
The ice devil resists with almost no effort.
The soul eater resists with almost no effort.
Frances resists with some effort.
Frances hits you from afar with a +2 halberd of protection!!
You die...

........[........................
........................†........
.................................
.................................
################.................
#..############### #..# #..#
################@.###############
...........§..@43....^...........
######........3.....^............
#..######################### #..#
#@.#########################
######............)..<...........
4@...............................
################..###############


You could see Frances (fast), a soul eater (summoned), an ice devil (summoned)
and a sixfirhy (summoned, fleeing).

Vanquished Creatures
  A boulder beetle (D:13)
  A vault guard (D:13)
  Harold (D:11)
  2 centaur warriors (D:13)
  3 two-headed ogres
  A tengu warrior (D:13)
  Pikel (D:9)
  2 ugly things
  4 manticores
  3 gargoyles
  A freezing wraith (D:13)
  An unseen horror (D:11)
  2 kobold demonologists
  2 trolls (D:10)
  Grinder (D:6)
  A slime creature (D:13)
  2 wraiths (D:11)
  32 yaks
  Eustachio (D:6)
  3 vampire mosquitoes (D:13)
  2 steam dragons
  Menkaure (D:6)
  7 acid dragons
  4 water moccasins
  A sky beast (D:7)
  2 black bears
  6 orc warriors
  9 centaurs
  4 phantoms
  4 bullfrogs
  A kobold brigand (D:8)
  4 scorpions
  10 killer bees
  2 jellies (D:6)
  4 electric eels
  A howler monkey (D:12)
  6 orc priests
  2 hounds (D:5)
  2 gnoll boudas
  9 iguanas
  Jessica (D:3)
  14 orc wizards
  A mummy (D:4)
  11 gnolls
  9 adders
  3 shadow imps
  2 white imps (D:5)
  A worm (D:3)
  4 dart slugs
  52 orcs
  5 ball pythons
  7 endoplasms
  3 giant cockroaches
  7 hobgoblins
  4 jackals
  A quokka (D:2)
  2 frilled lizards
  5 goblins
  3 hobgoblin zombies (D:4)
  15 kobolds
  An orc zombie (D:4)
  8 rats
  A spectral kobold (D:11)
306 creatures vanquished.

Notes
Turn   | Place    | Note
-------+----------+-------------------------------------------
     0 | D:1      | Earthwalker the Minotaur Fighter began the quest for the
                  | Orb.
     0 | D:1      | Reached XP level 1. HP: 19/19 MP: 0/0
   203 | D:1      | Reached XP level 2. HP: 27/27 MP: 1/1
   553 | D:1      | Found a faded altar of an unknown god.
  1557 | D:2      | Reached XP level 3. HP: 30/34 MP: 2/2
  1772 | D:2      | Reached skill level 3 in Polearms
  2062 | D:3      | Found Ratisew's Distillery.
  2072 | D:3      | Reached XP level 4. HP: 41/41 MP: 3/3
  2083 | D:3      | Found a shimmering blue altar of Sif Muna.
  2106 | D:3      | Found a transporter.
  2197 | D:3      | Found a transporter.
  2658 | D:3      | Reached skill level 4 in Polearms
  2787 | D:3      | Noticed duchin's ghost (amateur OpFi)
  3018 | D:3      | Noticed Jessica
  3023 | D:3      | Killed Jessica
  3024 | D:3      | Reached XP level 5. HP: 47/47 MP: 4/4
  3351 | D:4      | Found a staircase to the Ecumenical Temple.
  3362 | Temple   | Entered the Ecumenical Temple
  3422 | Temple   | Became a worshipper of Warmaster Okawaru
  3456 | D:4      | Reached skill level 5 in Polearms
  3456 | D:4      | Reached skill level 1 in Dodging
  3537 | D:4      | Noticed a phantom
  3564 | D:4      | Killed a phantom
  3565 | D:4      | Reached skill level 5 in Armour
  3565 | D:4      | Reached XP level 6. HP: 42/55 MP: 5/5
  3866 | D:4      | Reached * piety under Okawaru
  3867 | D:4      | Reached skill level 5 in Fighting
  3918 | D:5      | Entered Level 5 of the Dungeon
  4363 | D:5      | Found Ijuzos's Jewellery Shop.
  4372 | D:5      | Reached skill level 6 in Polearms
  4577 | D:5      | Noticed a water moccasin
  4589 | D:5      | Killed a water moccasin
  4590 | D:5      | Reached XP level 7. HP: 57/61 MP: 6/6
  4645 | D:5      | Identified the +2 robe "Jaajeok" {Contam Str+9 Int-3}
  5037 | D:5      | Reached skill level 7 in Polearms
  5037 | D:5      | Reached skill level 1 in Stealth
  5075 | D:5      | Reached ** piety under Okawaru
  5488 | D:5      | Reached XP level 8. HP: 66/70 MP: 7/7
  6353 | D:6      | Reached skill level 8 in Polearms
  6843 | D:6      | Reached skill level 5 in Shields
  7155 | D:6      | Noticed Menkaure
  7280 | D:6      | Killed Menkaure
  7676 | D:6      | Noticed Grinder
  7678 | D:6      | Paralysed by Grinder for 5 turns
  7691 | D:6      | Killed Grinder
  7895 | D:6      | Reached XP level 9. HP: 68/78 MP: 8/8
  8165 | D:6      | Noticed Eustachio
  8185 | D:6      | Killed Eustachio
  8185 | D:6      | Reached *** piety under Okawaru
  8186 | D:6      | Reached skill level 9 in Polearms
  8528 | D:7      | Reached skill level 1 in Invocations
 10587 | D:8      | Reached **** piety under Okawaru
 10623 | D:8      | Identified the +1 helmet of Kuytaqy {Regen+ Int+5}
 10785 | D:8      | Found a hazy altar of Hepliaklqana.
 11201 | D:8      | Found a staircase to the Lair.
 11703 | D:9      | Noticed a gargoyle
 11726 | D:9      | Killed a gargoyle
 11727 | D:9      | Reached skill level 10 in Polearms
 11727 | D:9      | Reached skill level 10 in Armour
 11727 | D:9      | Reached XP level 10. HP: 46/86 MP: 11/11
 12064 | D:9      | Found a white marble altar of Elyvilon.
 12373 | D:9      | Noticed a two-headed ogre
 12379 | D:9      | Killed a two-headed ogre
 12380 | D:9      | Reached skill level 1 in Throwing
 12506 | D:9      | Noticed Pikel
 12517 | D:9      | Killed Pikel
 12517 | D:9      | Reached ***** piety under Okawaru
 13174 | D:10     | Entered Level 10 of the Dungeon
 13175 | D:10     | Noticed a purple ugly thing
 13715 | D:9      | Reached XP level 11. HP: 81/94 MP: 12/12
 14114 | D:10     | Killed a purple ugly thing
 14114 | D:10     | Received a gift from Okawaru
 14115 | D:10     | Reached skill level 11 in Polearms
 14262 | D:10     | Found a staircase to the Orcish Mines.
 14836 | D:11     | Reached ****** piety under Okawaru
 14840 | D:11     | Reached skill level 5 in Dodging
 15512 | D:11     | Noticed Harold
 15527 | D:11     | Killed Harold
 15656 | D:11     | Noticed a two-headed ogre
 15666 | D:11     | Killed a two-headed ogre
 15806 | D:11     | Reached skill level 12 in Polearms
 15943 | D:11     | Found a hazy altar of Hepliaklqana.
 16070 | D:11     | Received a gift from Okawaru
 16089 | D:12     | Noticed a red ugly thing
 16096 | D:12     | Killed a red ugly thing
 16269 | D:12     | Identified the +5 broad axe of Ripryase {vamp, rPois rCorr
                  | Str-3}
 16312 | D:12     | Noticed a two-headed ogre
 16322 | D:12     | Killed a two-headed ogre
 16323 | D:12     | Reached XP level 12. HP: 105/105 MP: 8/14
 17354 | D:13     | Noticed a tengu warrior
 17365 | D:13     | Killed a tengu warrior
 17387 | D:13     | Noticed Frances
 17859 | D:13     | Noticed a centaur warrior
 18174 | D:13     | Killed a centaur warrior
 18175 | D:13     | Reached skill level 10 in Shields
 18175 | D:13     | Reached skill level 5 in Invocations
 19188 | D:13     | Noticed a boulder beetle
 19215 | D:13     | Noticed a centaur warrior
 19588 | D:13     | Killed a centaur warrior
 19669 | D:13     | Killed a boulder beetle
 19670 | D:13     | Reached skill level 13 in Polearms
 19781 | D:13     | Identified the +4 ring mail of Activism {Fly Str+3 Dex+3}
 19851 | D:13     | Noticed a vault guard
 19858 | D:13     | Killed a vault guard
 19863 | D:13     | Reached skill level 5 in Stealth
 19866 | D:13     | Found a gate to the Vaults.
 19958 | D:13     | Mangled by Frances

Illustrated notes

Levels and vault maps discovered:
D:1:      psy_arrival_whirlpool, layout_basic,
          shapermc_ecumenical_altar_mp_urbaneastern,
          chequers_serial_rivers_small_b, st_stairs_1, minmay_vboxes
D:2:      layout_loops_ring
D:3:      layout_loops_corners, mainiacjoe_overflow_paths, serial_shops, shop,
          gammafunk_ghost_stat_death, nrook_campfire, uniq_jessica
D:4:      layout_basic, temple_fountains, hex_intersection,
          dreamdust_princess_corridor, st_stairs_2, minmay_misc_feat_encased,
          minmay_mini_ossuary
D:5:      layout_basic, serial_shops, shop_fountains
D:6:      layout_basic, nicolae_lava_and_water, minmay_crystal_room,
          uniq_grinder, uniq_menkaure, uniq_eustachio
D:7:      layout_cave_pools, minivault_14, minmay_fractal_squares_5
D:8:      layout_layer_cave, overflow_temple_1_default, lair_entry_dummy
D:9:      layout_roguey, lemuel_coloured_pillars_altar, uniq_pikel
D:10:     layout_big_octagon, kennysheep_another_room
D:11:     layout_roguey, amcnicky_mini_rare_corridor_liquid,
          nicolae_hepliaklqana_monster_ancestors, uniq_harold
D:12:     layout_stronghold, minmay_hedge_maze, serial_bayou_pond_e
D:13:     layout_long_grid, david_vaults_5, minivault_10, uniq_frances
Temple:   compressed_dpeg_triangle_lava_temple

Skill      XL: |  1  2  3  4  5  6  7  8  9 10 11 12 |
---------------+-------------------------------------+-----
Fighting       | 4 5 6 7 8 9 |  9.9
Armour         | 4 5 7 8 10 11 12 | 12.7
Polearms       | 3 4 5 6 7 8 10 12 13 | 13.1
Shields        | 4 5 7 8 9 10 | 10.6
Dodging        | 1 2 4 5 6 |  6.4
Stealth        | 1 2 3 4 5 |  5.0
Invocations    | 2 3 4 5 |  5.3
Throwing       | 1 2 |  2.8

Action                   |  1- 3 |  4- 6 |  7- 9 | 10-12 || total
-------------------------+-------+-------+-------+-------++-------
Melee: Trident           |    32 |       |       |       ||    32
       Headbutt          |    22 |    25 |    72 |   103 ||   222
       Spear             |    83 |   148 |   452 |   327 ||  1010
       Demon trident     |       |       |       |   239 ||   239
Throw: Dart              |       |       |     6 |    32 ||    38
       Boomerang         |       |       |       |    42 ||    42
       Throwing net      |       |       |       |     5 ||     5
Invok: Finesse           |       |       |       |     2 ||     2
  Use: Scroll            |     2 |     9 |     7 |     2 ||    20
       Potion            |       |       |       |     1 ||     1
 Stab: Held in net/web   |       |       |       |     1 ||     1
Armor: Scale mail        |    52 |    42 |    17 |       ||   111
       Chain mail        |       |       |    21 |       ||    21
       Plate armour      |       |       |    95 |   142 ||   237
       Ring mail         |       |       |       |     1 ||     1
Dodge: Dodged            |    38 |    40 |    78 |    81 ||   237
Block: Buckler           |    16 |    17 |    20 |       ||    53
       Kite shield       |       |       |    94 |   306 ||   400
       Reflection        |       |       |     7 |    27 ||    34
